 Dungeon Crawl Stone Soup version 0.16.1-51-g6203257 (webtiles) character file.

1877 poirepourri the Fighter (level 9, -13/83 HPs)
             Began as a Hill Orc Berserker on Aug 3, 2015.
             Was a Priest of Trog.
             Mangled by Menkaure (18 damage)
             ... on level 7 of the Dungeon.
             The game lasted 00:15:18 (6136 turns).

poirepourri the Fighter (Hill Orc Berserker)        Turns: 6136, Time: 00:15:18

Health: -13/83     AC: 10    Str: 27    XL:     9   Next: 14%
Magic:  9/9        EV: 12    Int:  7    God:    Trog [***...]
Gold:   146        SH:  0    Dex: 11    Spells: 0 memorised, 8 levels left

rFire  . . .     SeeInvis +     a - +1 hand axe
rCold  . . .     Clarity  .     h - +1 scale mail
rNeg   . . .     SustAb   .     (no shield)
rPois  .         Gourm    .     (no helmet)
rElec  .         Spirit   .     (no cloak)
rCorr  .         Warding  .     (no gloves)
rMut   .         Stasis   .     t - +0 pair of boots
MR     .....                    (no amulet)
Stlth  ..........               m - ring of see invisible
                                f - ring of wizardry

@: mighty, exhausted, slowed, very slow, not resistant to hostile enchantments,
extremely unstealthy
A: no striking features
a: Burn Spellbooks, Berserk, Trog's Hand, Renounce Religion


You were on level 7 of the Dungeon.
You worshipped Trog.
Trog was most pleased with you.
You were not hungry.

You visited 1 branch of the dungeon, and saw 7 of its levels.

You collected 146 gold pieces.

Inventory:

Hand weapons
 a - a +1 hand axe (weapon)
Armour
 b - a +0 animal skin
 h - a +1 scale mail (worn)
 t - a +0 pair of boots (worn)
Jewellery
 f - a ring of wizardry (left hand)
 m - a ring of see invisible (right hand)
Magical devices
 d - a wand of disintegration (15)
 g - a wand of polymorph (24)
 k - a wand of invisibility (2)
 q - a wand of fireball (0)
Scrolls
 e - 4 scrolls of magic mapping
 n - 3 scrolls of remove curse
 o - 2 scrolls of identify
Potions
 i - a potion of brilliance
 r - a potion of might
 s - a potion of haste
 u - a potion of agility
Books
 w - a book of Alchemy

   Spells                             Type                      Level
   a - Sublimation of Blood           Necromancy                   2
   b - Alistair's Intoxication        Transmutation/Poison         4
   c - Condensation Shield            Ice                          4
   d - Petrify                        Transmutation/Earth          4
   e - Ignite Poison                  Fire/Transmutation           5
   f - Irradiate                      Conjuration/Transmutation    5
   Trog disapproves of the use of such an item.
Comestibles
 c - a royal jelly
 j - 3 bread rations
 p - 5 fruits


   Skills:
 * Level 9.0 Fighting
 + Level 8.3 Axes
 + Level 6.4 Armour
 + Level 4.3 Dodging
 + Level 0.3 Stealth
 + Level 0.2 Evocations


You had 8 spell levels left.
You didn't know any spells.

Dungeon Overview and Level Annotations

Branches:
Dungeon (7/15)             Temple (0/1) D:7

Altars:
Dithmenos
Elyvilon
Ru
Sif Muna
Vehumet

Annotations:
D:7 Menkaure


Message History

* * * LOW HITPOINT WARNING * * *
You feel very mighty all of a sudden.
Menkaure rustles drily.
Menkaure calls on the powers of darkness!
Your body is wracked with pain!
* * * LOW HITPOINT WARNING * * *
Menkaure hits you but does no damage.
You hit Menkaure.
Menkaure is moderately damaged.
Menkaure hits you but does no damage.
Menkaure calls on the powers of darkness!
Your body is wracked with pain!
* * * LOW HITPOINT WARNING * * *
You slash Menkaure!
Menkaure is severely damaged.
Menkaure closely misses you. Menkaure misses you.
You hit Menkaure.
Menkaure is severely damaged.
Menkaure hits you!!
You die...

..# ###### .# ...# # ..#
... ..# #.# # #.#.#
.#########M#.# ###
#..........@..# ..#
########..†.########
#.####......=............
....##.######.###########
#.#.##.# #.# ....##.# #.#
#.#.##.# #.# ....##.# #.#
#......# #.#


You could see Menkaure.

Vanquished Creatures
  Pikel (D:5)
  The ghost of poirepourri the Skirmisher, an experienced HOFi (D:4)
  2 slaves (D:5)
  A necrophage (D:7)
  2 scorpions
  2 ogres
  A phantom (D:4)
  Sigmund (D:5)
  A giant frog (D:6)
  A wight (D:6)
  A jelly (D:6)
  An iguana (D:5)
  An orc wizard (D:5)
  2 worker ants
  2 giant frog skeletons
  A hound (D:5)
  Ijyb (D:4)
  A worker ant zombie (D:7)
  3 river rats (D:4)
  9 adders
  A giant mite (D:4)
  4 worms
  2 adder skeletons (D:4)
  6 giant geckos
  An ooze (D:2)
  7 orcs
  9 bats
  A bat skeleton (D:5)
  A bat zombie (D:5)
  7 giant cockroaches
  6 goblins
  6 hobgoblins
  12 jackals
  8 kobolds
  3 ball pythons
  A giant gecko zombie (D:5)
  6 giant newts
  3 quokkas
  2 quokka skeletons
  A quokka zombie (D:4)
  8 rats
  A rat zombie (D:4)
131 creatures vanquished.

Vanquished Creatures (others)
  A slave (D:5)
  A jelly (D:5)
  A worker ant (D:5)
  An adder skeleton (D:5)
  A hobgoblin (D:5)
  A plant (D:4)
6 creatures vanquished.

Grand Total: 137 creatures vanquished

Notes
Turn   | Place    | Note
--------------------------------------------------------------
     0 | D:1      | poirepourri, the Hill Orc Berserker, began the quest for the Orb.
     0 | D:1      | Reached XP level 1. HP: 19/19 MP: 1/1
   303 | D:1      | Reached XP level 2. HP: 27/27 MP: 2/2
   552 | D:1      | Reached XP level 3. HP: 33/33 MP: 3/3
   741 | D:2      | Acquired Trog's second power
  1054 | D:2      | Reached XP level 4. HP: 36/41 MP: 4/4
  1106 | D:2      | Reached skill level 5 in Axes
  1892 | D:2      | Reached XP level 5. HP: 38/47 MP: 5/5
  1905 | D:2      | Reached skill level 5 in Fighting
  2362 | D:3      | Found a shadowy altar of Dithmenos.
  2417 | D:3      | Found a deep blue altar of Sif Muna.
  2429 | D:3      | Found a sacrificial altar of Ru.
  2435 | D:3      | Found a white marble altar of Elyvilon.
  2488 | D:3      | Noticed an ogre
  2499 | D:3      | Killed an ogre
  2499 | D:3      | Reached XP level 6. HP: 56/56 MP: 6/6
  2733 | D:4      | Noticed poirepourri's ghost (experienced HOFi)
  2747 | D:4      | Killed poirepourri's ghost
  2747 | D:4      | Reached skill level 6 in Fighting
  2747 | D:4      | Reached XP level 7. HP: 24/64 MP: 7/7
  3146 | D:4      | Noticed Ijyb
  3159 | D:4      | Killed Ijyb
  3228 | D:4      | Reached skill level 7 in Fighting
  3393 | D:4      | Found a radiant altar of Vehumet.
  3725 | D:5      | Entered Level 5 of the Dungeon
  3794 | D:5      | Noticed Pikel
  4167 | D:5      | Killed Pikel
  4167 | D:5      | Reached skill level 5 in Armour
  4167 | D:5      | Reached XP level 8. HP: 44/74 MP: 8/8
  4305 | D:5      | Noticed Sigmund
  4325 | D:5      | Killed Sigmund
  4325 | D:5      | Reached skill level 8 in Fighting
  5735 | D:6      | Reached XP level 9. HP: 43/82 MP: 9/9
  6048 | D:7      | Identified a scroll of acquirement
  6049 | D:7      | Found a staircase to the Ecumenical Temple.
  6119 | D:7      | Noticed Menkaure
  6126 | D:7      | Reached skill level 9 in Fighting
  6136 | D:7      | Mangled by Menkaure

Action                   |  1- 3 |  4- 6 |  7- 9 || total
-------------------------+-------+-------+-------++-------
Melee: Hand axe          |   100 |   158 |   327 ||   585
Invok: Trog's Hand       |       |     1 |     3 ||     4
       Berserk           |       |     2 |     6 ||     8
       Burn Spellbooks   |       |       |     1 ||     1
Evoke: Wand              |       |       |     4 ||     4
  Use: Potion            |     1 |     4 |     5 ||    10
       Scroll            |     1 |     5 |     8 ||    14
  Eat: Meat ration       |       |     1 |     1 ||     2
       Beef jerky        |       |     1 |     4 ||     5
       Bread ration      |       |       |     2 ||     2
